 Dungeon Crawl Stone Soup version 0.22.0 (webtiles) character file.

12833 Blackhawk the Nimble (level 11, -10/106 HPs)
             Began as a Black Draconian Berserker on Oct 24, 2018.
             Was a High Priest of Trog.
             Mangled by an orange demon (11 damage)
             ... on level 12 of the Dungeon.
             The game lasted 00:33:10 (13269 turns).

Blackhawk the Nimble (Black Draconian Berserker)   Turns: 13269, Time: 00:33:10

Health: -10/106    AC: 10    Str: 22    XL:     11   Next: 67%
Magic:  3/3        EV: 17    Int:  9    God:    Trog [*****.]
Gold:   515        SH:  7    Dex: 12    Spells: 10/10 levels left

rFire    . . .     SeeInvis .   J - +3 eveningstar (antimagic)
rCold    . . .     Gourm    +   t - +2 buckler
rNeg     . . .     Faith    .   (armour unavailable)
rPois    .         Spirit   .   (helmet restricted)
rElec    +         Reflect  .   (no cloak)
rCorr    .         Harm     .   d - +0 pair of gloves
MR       ++...                  k - +1 pair of boots
Stlth    +++++.....             A - amulet of the gourmand
HPRegen  0.27/turn              g - ring of stealth
MPRegen  0.08/turn              G - ring of protection from magic

@: lethally poisoned (-10 -> -38), berserk cooldown, slowed, very slow
A: breathe lightning, unfitting armour, fangs 1, clever 1, magic resistance 1,
robust 1, electricity resistance, cold-blooded, AC +7
a: Breathe Lightning, Berserk, Trog's Hand, Brothers in Arms, Renounce Religion


You were on level 12 of the Dungeon.
You worshipped Trog.
Trog was extremely pleased with you.
You were full.

You visited 1 branch of the dungeon, and saw 12 of its levels.

You collected 515 gold pieces.

Inventory:

Hand Weapons
 n - a +0 hunting sling
 w - a +1 flail of draining
 F - a +1 scimitar of flaming
 J - a +3 antimagic eveningstar (weapon)
Missiles
 c - 243 stones (quivered)
 j - 4 needles of confusion
 m - 34 poisoned needles
 K - 5 tomahawks of returning
Armour
 d - a +0 pair of gloves (worn)
 k - a +1 pair of boots (worn)
 q - a +1 helmet
 t - a +2 buckler (worn)
 H - a +0 buckler
Jewellery
 g - a ring of stealth (left hand)
 v - an uncursed ring of protection from fire
 x - a +3 ring of intelligence
 A - an amulet of the gourmand (around neck)
 G - a ring of protection from magic (right hand)
Wands
 s - a wand of digging (11)
 D - a wand of flame (73)
 I - a wand of scattershot (6)
 M - a wand of random effects (14)
 P - a wand of iceblast (9)
Scrolls
 e - 7 scrolls of remove curse
 f - 5 scrolls of teleportation
 h - 2 scrolls of immolation
 i - a scroll of random uselessness
 p - a scroll of blinking
 y - 3 scrolls of enchant weapon
 B - 3 scrolls of identify
 L - a scroll of fog
Potions
 a - a potion of flight
 l - 5 potions of agility
 o - 4 potions of curing
 r - 3 potions of lignification
 u - a potion of haste
 z - a potion of might
 C - 3 potions of brilliance
 E - 4 potions of degeneration
Comestibles
 b - 28 rations


   Skills:
 + Level 9.4 Fighting
 + Level 8.7 Maces & Flails
 - Level 5.4 Throwing
 * Level 9.7 Dodging
 + Level 8.0 Stealth
 + Level 4.7 Shields


You had 10 spell levels left.
You didn't know any spells.
Your spell library was empty.

Dungeon Overview and Level Annotations

Branches:
Dungeon (12/15)            Temple (0/1) D:6            Lair (0/6) D:11
    Orc (0/2) D:10

Altars:
Ashenzari
Cheibriados
Gozag
Hepliaklqana
Kikubaaqudgha
Okawaru
Qazlal
Ru
Sif Muna
Wu Jian
Yredelemnul
Beogh

Shops:
D:5 [

Annotations:
D:5 Blork the orc


Innate Abilities, Weirdness & Mutations

You can breathe wild blasts of lightning.
Your glossy black scales are hard. (AC +7)
You cannot fit into any form of body armour.
You are resistant to electric shocks. (rElec)
You are cold-blooded and may be slowed by cold attacks.
You have very sharp teeth.
Your mind is acute. (Int +2)
You are resistant to hostile enchantments. (MR+)
You are robust. (+10% HP)


Message History

Things that are here:
a scorpion corpse; a manticore corpse You feel a strong urge to attack something.
The orange demon stings you from afar.
* * * LOW HITPOINT WARNING * * *
You are more poisoned.
The orange demon poisons you!
The orange demon stings you but does no damage.
* * * LOW HITPOINT WARNING * * *
You feel very sick.
Things that are here:
a scorpion corpse; a manticore corpse You are too berserk!
You barely miss the orange demon. Your bite misses the orange demon.
You are no longer berserk.
You are exhausted.
You feel yourself slow down.
* * * LOW HITPOINT WARNING * * *
You feel sick. The orange demon stings you!
You die...

##### ########...#
##4@........#
#s4#####....#######
##4## #..........# #.4.#
#.........(#
#...†...H...#...>......#
#.....4.....#.########.#
##.$#...#).##.#......#(#
#####.######.+......#(#
..# #......#.##


You could see 4 orange demons and a scorpion.

Vanquished Creatures
  Snorg (D:11)
  Erica (D:11)
  2 two-headed ogres
  An unseen horror (D:9)
  Pikel (D:7)
  An ugly thing (D:8)
  2 cyclopes
  A manticore (D:12)
  Psyche (D:11)
  A troll (D:10)
  Prince Ribbit (D:8)
  3 hippogriffs
  A shadow (D:9)
  A basilisk (D:10)
  A spriggan (D:10)
  3 yaks (D:10)
  Grum (D:8)
  A steam dragon (D:8)
  A water moccasin (D:8)
  3 orc warriors
  4 sky beasts
  2 ice beasts
  3 phantoms
  A necrophage (D:11)
  An ogre (D:5)
  7 centaurs
  3 wolves (D:8)
  8 bullfrogs
  A big kobold (D:8)
  A wyvern skeleton (D:10)
  9 scorpions
  7 killer bees
  2 howler monkeys (D:8)
  5 wights
  2 crimson imps
  2 quasits
  A jelly (D:5)
  A centaur zombie (D:6)
  2 hounds
  10 orc priests
  2 centaur skeletons
  6 orc wizards
  Jessica (D:2)
  3 bullfrog skeletons
  3 iguanas
  4 worker ants
  A hound zombie (D:7)
  A worker ant zombie (D:5)
  A howler monkey zombie (D:5)
  4 gnolls (D:3)
  8 adders
  2 shadow imps
  3 oozes
  3 adder skeletons
  3 worms
  4 dart slugs
  2 leopard geckos
  32 orcs
  11 bats
  2 bat zombies (D:8)
  3 giant cockroaches
  10 goblins
  5 hobgoblins
  6 jackals
  12 kobolds
  5 quokkas
  2 ball pythons
  8 frilled lizards
  A leopard gecko skeleton (D:5)
  A leopard gecko zombie (D:7)
  A quokka skeleton (D:6)
  7 rats
  2 rat zombies (D:8)
259 creatures vanquished.

Vanquished Creatures (others)
  A slave (D:7)
  A centaur (D:7)
  A killer bee (D:7)
3 creatures vanquished.

Grand Total: 262 creatures vanquished

Notes
Turn   | Place    | Note
-------+----------+-------------------------------------------
     0 | D:1      | Blackhawk the Draconian Berserker began the quest for the Orb.
     0 | D:1      | Reached XP level 1. HP: 19/19 MP: 1/1
   115 | D:1      | Reached XP level 2. HP: 23/26 MP: 2/2
   302 | D:1      | Reached ** piety under Trog
   304 | D:1      | Reached skill level 1 in Stealth
   304 | D:1      | Reached XP level 3. HP: 6/33 MP: 3/3
  1078 | D:2      | Reached XP level 4. HP: 28/40 MP: 4/4
  1329 | D:2      | Found a deep blue altar of Sif Muna.
  1402 | D:2      | Noticed Jessica
  1415 | D:2      | Killed Jessica
  1753 | D:3      | Reached XP level 5. HP: 37/46 MP: 5/5
  1876 | D:3      | Found a hazy altar of Hepliaklqana.
  1937 | D:3      | Noticed a centaur
  1942 | D:3      | Killed a centaur
  1942 | D:3      | Reached skill level 1 in Throwing
  1970 | D:3      | HP: 2/47 [gnoll/halberd (12)]
  2246 | D:3      | Found a sacrificial altar of Ru.
  2300 | D:3      | Reached XP level 6. HP: 42/53 MP: 6/6
  2354 | D:3      | Reached *** piety under Trog
  2546 | D:3      | Found a basalt altar of Yredelemnul.
  3265 | D:5      | Entered Level 5 of the Dungeon
  3483 | D:5      | Reached skill level 5 in Fighting
  3483 | D:5      | Your scales start taking on a glossy black colour.
  3483 | D:5      | Reached XP level 7. HP: 34/61 MP: 7/7
  3483 | D:5      | Gained mutation: You are resistant to electric shocks. (rElec) [Black Draconian growth]
  4103 | D:5      | Found Caorhits's Armour Shop.
  4310 | D:5      | Found an opulent altar of Gozag.
  4458 | D:5      | Noticed Blork the orc
  4851 | D:5      | Reached skill level 5 in Maces & Flails
  5189 | D:6      | Reached XP level 8. HP: 57/70 MP: 8/8
  5251 | D:6      | Received a gift from Trog
  5285 | D:6      | Found a staircase to the Ecumenical Temple.
  5677 | D:6      | Found a stormy altar of Qazlal.
  5704 | D:6      | Found an opulent altar of Gozag.
  5749 | D:6      | Reached skill level 5 in Dodging
  5921 | D:7      | Reached **** piety under Trog
  6325 | D:7      | Found a snail-covered altar of Cheibriados.
  6357 | D:7      | Reached skill level 5 in Stealth
  6404 | D:7      | Noticed Pikel
  6412 | D:7      | Killed Pikel
  6412 | D:7      | Reached XP level 9. HP: 64/78 MP: 9/9
  7343 | D:8      | Noticed Grum
  7347 | D:8      | Noticed Prince Ribbit
  7350 | D:8      | Reached skill level 5 in Throwing
  7393 | D:8      | Killed Grum
  7417 | D:8      | HP: 1/79 [Prince Ribbit (14)]
  7422 | D:8      | Killed Prince Ribbit
  7707 | D:8      | Reached XP level 10. HP: 78/88 MP: 10/10
  7876 | D:8      | Found a shattered altar of Ashenzari.
  8148 | D:8      | Found an ancient bone altar of Kikubaaqudgha.
  8320 | D:9      | Found an ornate altar of the Wu Jian Council.
  8329 | D:9      | Noticed a red ugly thing
  8545 | D:8      | Killed a red ugly thing
  8545 | D:8      | Reached skill level 1 in Shields
  8968 | D:9      | Found an iron altar of Okawaru.
  9793 | D:9      | Killed an unseen horror
  9892 | D:10     | Entered Level 10 of the Dungeon
 10064 | D:10     | Found a staircase to the Orcish Mines.
 10078 | D:10     | Reached ***** piety under Trog
 10409 | D:10     | Found a roughly hewn altar of Beogh.
 11211 | D:10     | Noticed a two-headed ogre
 11292 | D:10     | Killed a two-headed ogre
 11292 | D:10     | Reached XP level 11. HP: 58/95 MP: 11/11
 11659 | D:11     | Noticed Psyche
 11709 | D:11     | Noticed a two-headed ogre
 11721 | D:11     | Killed a two-headed ogre
 11895 | D:11     | Gained mutation: You tend to lose your temper in combat. [potion of mutation]
 11895 | D:11     | Gained mutation: You have very sharp teeth. [potion of mutation]
 11895 | D:11     | Gained mutation: Scrolls take you a little longer to read. [potion of mutation]
 11895 | D:11     | Gained mutation: Your muscles are strong. (Str +2) [potion of mutation]
 11896 | D:11     | Lost mutation: You tend to lose your temper in combat. [potion of mutation]
 11896 | D:11     | Lost mutation: Scrolls take you a little longer to read. [potion of mutation]
 11896 | D:11     | Lost mutation: Your muscles are strong. (Str +2) [potion of mutation]
 11896 | D:11     | Gained mutation: Your mind is acute. (Int +2) [potion of mutation]
 11896 | D:11     | Gained mutation: You are robust. (+10% HP) [potion of mutation]
 11896 | D:11     | Gained mutation: You are resistant to hostile enchantments. (MR+) [potion of mutation]
 12503 | D:11     | Noticed Erica
 12555 | D:11     | Killed Erica
 12639 | D:11     | Found a staircase to the Lair.
 12670 | D:11     | Noticed Snorg
 12689 | D:11     | Killed Snorg
 12953 | D:11     | Killed Psyche
 13168 | D:12     | Received a gift from Trog
 13267 | D:12     | HP: 5/159 [orange demon (6)]
 13268 | D:12     | HP: 2/159 [poisoned by an orange demon]
 13269 | D:12     | Mangled by an orange demon

Skill      XL: |  1  2  3  4  5  6  7  8  9 10 11 |
---------------+----------------------------------+-----
Dodging        | 3 4 5 7 8 9 |  9.7
Stealth        | 1 2 3 4 5 6 7 8 |  8.0
Fighting       | 4 5 6 7 8 9 |  9.4
Maces & Flails | 4 5 6 7 8 |  8.7
Throwing       | 1 2 3 4 5 |  5.4
Shields        | 3 4 |  4.7

Action                   |  1- 3 |  4- 6 |  7- 9 | 10-12 || total
-------------------------+-------+-------+-------+-------++-------
Melee: Mace              |   118 |   100 |       |       ||   218
       Tailslap          |    13 |    29 |    43 |    72 ||   157
       Flail             |       |    99 |   345 |   336 ||   780
       Eveningstar       |       |       |       |    21 ||    21
       Bite              |       |       |       |    16 ||    16
Invok: Berserk           |       |       |     1 |     3 ||     4
       Trog's Hand       |       |       |     1 |       ||     1
  Use: Potion            |       |       |     2 |     4 ||     6
       Scroll            |       |       |    10 |    11 ||    21
 Stab: Sleeping          |     1 |     2 |    12 |    18 ||    33
       Distracted        |       |       |     1 |     1 ||     2
  Eat: Chunk             |     1 |     8 |    11 |    29 ||    49
       Ration            |       |       |     1 |     1 ||     2
Armor: Skin              |    64 |    92 |   134 |   119 ||   409
Dodge: Dodged            |    94 |   196 |   281 |   291 ||   862
Block: Buckler           |       |       |       |    27 ||    27
